AoeStats
← thunder bun

Arabia

504796278Analyzed
1v1 RM · 25d ago on Sep 6, 2026· 36m 6s· 2 players
Game mode
Random Map
Map size
Tiny (2 player)
Population
200
Speed
Normal
Resources
Standard
Victory
Conquest
Starting age
Dark Age
Ending age
Imperial Age
RankedLock teamsTeams togetherTeam positionsShared explorationLock speedFull tech treeHidden civsTurbo modeCheats
Victory
Defeat
🇹🇼 Gurjaras · Taiwan
2057
+23
🇹🇼 Armenians · Taiwan
2210
-23
[LuB]myqbox
5:56 Loom
8:42 Feudal Age
10:28 Double-Bit Axe
12:33 Fletching
19:24 Castle Age
17:55 Padded Archer Armor
18:29 Gold Mining
19:27 Elite Skirmisher
21:00 Bodkin Arrow
23:38 Wheelbarrow
23:12 Town Watch
23:40 Bow Saw
25:36 Horse Collar
28:14 Bloodlines
28:38 Leather Archer Armor
30:35 Ballistics
39:12 Imperial Age
thunder bun
6:19 Loom
8:54 Feudal Age
9:07 Man-at-Arms
10:44 Double-Bit Axe
14:02 Fletching
22:52 Castle Age
21:19 Scale Mail Armor
21:16 Long Swordsman
23:20 Gambesons
23:53 Squires
24:42 Chain Mail Armor
25:58 Elite Skirmisher
26:58 Bodkin Arrow
27:05 Padded Archer Armor
31:25 Wheelbarrow
33:31 Ballistics
Connection lost

Rejoining the realm…

Still unreachable

The connection could not be restored.

Session expired

The server has moved on; the page needs a fresh start.